Map: Old Estate

Players

irontoes - Winner!

  • Race: Protoss Protoss
  • Spawn Location: 3:00

KMS - Winner!

  • Race: Protoss Protoss
  • Spawn Location: 1:00

SurvivorDude - Winner!

  • Race: Terran Terran
  • Spawn Location: 3:00

ELCEGADOR - Winner!

  • Race: Terran Terran
  • League: Gold
  • Spawn Location: 1:00

JEMHINY

  • Race: Terran Terran
  • Spawn Location: 9:00

IronsideS

  • Race: Terran Terran
  • League: Silver
  • Spawn Location: 7:00

Winthrowe

  • Race: Zerg Zerg
  • League: Silver
  • Spawn Location: 7:00

chasmo

  • Race: Protoss Protoss
  • Spawn Location: 7:00

VOD

Have the link to the VOD?

Description

Time

  • Played on: Sept. 3, 2017, 4:03 p.m.
  • Length: 17:23
Show
View Real Time Build Order
Export as new Build Order

irontoes Protoss - Winner!

Build Orders: 1 Gate Expand, Forge Fast Expand (FFE) 

Get SALT Encoding   

  13  0:07  Probe (Chrono Boost)  
  13  0:18  Pylon  
  13  0:26  Probe (Chrono Boost)  
  14  0:37  Probe (Chrono Boost)  
  15  0:56  Gateway  
  15  0:59  Forge  
  15  1:06  Probe (Chrono Boost)  
  16  1:36  Probe (Chrono Boost)  
  16  1:37  Nexus  
  17  1:46  Photon Cannon  
  17  1:53  Photon Cannon  
  17  2:07  Pylon  
  17  2:10  Assimilator  
  17  2:13  Probe (Chrono Boost)  
  18  2:17  Assimilator  
  18  2:21  Pylon  
  18  2:23  Probe (Chrono Boost)  
  19  2:38  Pylon  
  19  2:39  Assimilator  
  19  2:50  Assimilator, Probe (Chrono Boost)  
  20  3:00  Probe (Chrono Boost)  
  20  3:05  Probe (Chrono Boost)  
  22  3:11  Probe (Chrono Boost)  
  23  3:15  Probe (Chrono Boost)  
  23  3:16  Cybernetics Core  
  24  3:22  Probe (Chrono Boost)  
  24  3:26  Probe (Chrono Boost)  
  26  3:32  Probe (Chrono Boost)  
  27  3:37  Probe (Chrono Boost)  
  27  3:38  Photon Cannon  
  28  3:43  Photon Cannon, Probe (Chrono Boost)  
  29  3:57  Stargate  
  29  4:05  Photon Cannon  
  29  4:26  Probe x2 (Chrono Boost)  
  31  4:34  Pylon  
  31  4:36  Probe (Chrono Boost)  
  31  4:37  Probe (Chrono Boost)  
  33  4:47  Probe x2 (Chrono Boost)  
  33  4:49  Fleet Beacon  
  35  4:55  Pylon  
  35  4:58  Probe (Chrono Boost)  
  36  5:02  Pylon  
  36  5:08  Protoss Air Weapons Level 1  
  36  5:12  Probe (Chrono Boost)  
  36  5:13  Probe (Chrono Boost)  
  38  5:23  Probe x2 (Chrono Boost)  
  40  5:38  Nexus  
  40  5:48  Stargate  
  40  6:02  Robotics Facility  
  40  6:12  Phoenix  
  42  6:22  Stargate  
  42  6:27  Stargate  
  42  6:34  Photon Cannon  
  42  6:37  Pylon  
  42  6:38  Phoenix x2  
  46  7:12  Observer  
  47  7:17  Robotics Bay  
  47  7:18  Pylon  
  47  7:19  Pylon  
  47  7:22  Carrier x2 (Chrono Boost)  
  65  7:30  Carrier (Chrono Boost)  
  67  7:37  Probe x3 (Chrono Boost)  
  68  7:45  Assimilator  
  68  7:47  Probe x3 (Chrono Boost)  
  71  7:58  Probe x2  
  73  8:06  Observer Gravitic Boosters  
  73  8:10  Probe  
  74  8:14  Cybernetics Core  
  74  8:18  Pylon  
  74  8:21  Protoss Air Weapons Level 2  
  74  8:22  Probe  
  75  8:34  Photon Cannon  
  75  8:39  Assimilator  
  75  8:43  Probe  
  75  8:45  Probe x2  
  78  8:54  Probe  
  78  8:57  Probe x2  
  81  9:05  Protoss Air Armor Level 1  
  81  9:06  Stargate  
  105  9:53  Carrier x2 (Chrono Boost)  
  105  10:04  Carrier x2 (Chrono Boost)  
  105  10:12  Mothership Core  
  107  10:21  Pylon  
  107  10:25  Protoss Shields Level 1  
  107  10:35  Twilight Council  
  119  10:55  Tempest (Chrono Boost)  
  119  10:56  Photon Cannon  
  119  10:58  Photon Cannon  
  119  11:06  Tempest (Chrono Boost)  
  125  11:14  Carrier (Chrono Boost)  
  137  11:55  Carrier (Chrono Boost)  
  137  13:05  Protoss Air Armor Level 2, Protoss Air Weapons Level 3  
  137  13:46  Carrier (Chrono Boost)  
  141  14:25  Carrier x2 (Chrono Boost)  
  141  14:26  Pylon  
  141  14:27  Pylon  
  141  14:29  Pylon  
  141  14:34  Pylon  
  153  14:46  Carrier (Chrono Boost)  
  153  14:56  Carrier (Chrono Boost)  
  153  15:58  Carrier (Chrono Boost)  
  153  16:01  Carrier (Chrono Boost)  
  165  16:09  Carrier x2 (Chrono Boost)  
Show
View Real Time Build Order
Export as new Build Order

KMS Protoss - Winner!

Build Orders: 1 Gate Expand, Carrier Rush 

Get SALT Encoding   

  12  0:01  Probe (Chrono Boost)  
  13  0:12  Probe (Chrono Boost)  
  14  0:22  Probe (Chrono Boost)  
  15  0:28  Pylon  
  15  0:37  Assimilator  
  15  0:46  Probe (Chrono Boost)  
  15  0:49  Gateway  
  17  0:57  Probe (Chrono Boost)  
  17  1:07  Probe (Chrono Boost)  
  18  1:18  Probe (Chrono Boost)  
  19  1:29  Assimilator  
  19  1:38  Probe (Chrono Boost)  
  20  1:43  Nexus  
  20  1:48  Probe (Chrono Boost)  
  20  1:50  Zealot  
  23  2:05  Cybernetics Core  
  23  2:32  Pylon  
  23  2:41  Warp Gate (Chrono Boost)  
  23  2:50  Probe  
  24  2:54  Stargate  
  24  2:57  Probe  
  24  3:04  Mothership Core  
  27  3:08  Probe  
  28  3:14  Zealot  
  28  3:18  Probe  
  30  3:25  Stargate  
  31  3:29  Pylon, Probe  
  32  3:35  Assimilator  
  32  3:38  Pylon  
  32  3:40  Probe  
  32  3:46  Fleet Beacon  
  33  3:54  Probe  
  34  4:00  Probe  
  35  4:04  Probe  
  36  4:12  Probe  
  36  4:15  Probe  
  38  4:24  Probe (Chrono Boost)  
  39  4:26  Probe (Chrono Boost)  
  40  4:31  Carrier (Chrono Boost)  
  40  4:36  Graviton Catapult  
  40  4:37  Probe (Chrono Boost)  
  47  4:45  Assimilator  
  47  4:48  Probe (Chrono Boost)  
  48  4:55  Forge  
  48  4:59  Probe (Chrono Boost)  
  49  5:00  Stargate  
  49  5:15  Nexus  
  49  5:26  Carrier (Chrono Boost)  
  55  5:43  Protoss Air Weapons Level 1  
  55  5:49  Photon Cannon  
  55  5:55  Photon Cannon  
  55  6:07  Robotics Facility  
  55  6:23  Carrier (Chrono Boost)  
  52  7:06  Probe  
  53  7:16  Nexus  
  53  7:18  Probe  
  53  7:22  Photon Cannon  
  60  7:24  Carrier (Chrono Boost)  
  60  7:30  Pylon, Probe  
  60  7:35  Probe  
  62  7:48  Observer, Probe  
  70  7:51  Photon Cannon  
  70  7:53  Carrier (Chrono Boost)  
  70  8:07  Pylon  
  70  8:25  Carrier (Chrono Boost), Probe x2  
  78  8:37  Pylon  
  78  8:39  Assimilator  
  78  8:42  Protoss Air Weapons Level 2  
  78  8:45  Protoss Shields Level 1  
  84  9:21  Probe  
  89  9:24  Void Ray (Chrono Boost)  
  89  9:31  Probe  
  90  9:42  Probe  
  91  9:52  Probe  
  92  10:02  Carrier (Chrono Boost)  
  92  10:07  Oracle (Chrono Boost)  
  101  10:29  Pylon  
  101  10:33  Pylon  
  101  10:34  Pylon  
  101  10:45  Probe  
  101  10:47  Void Ray (Chrono Boost), Probe  
  107  10:56  Probe  
  107  10:59  Probe  
  109  11:06  Probe  
  110  11:11  Probe  
  111  11:23  Probe  
  112  11:29  Carrier (Chrono Boost)  
  124  11:35  Probe  
  125  11:41  Carrier (Chrono Boost)  
  124  11:55  Carrier (Chrono Boost)  
  115  12:11  Protoss Air Weapons Level 3  
  115  12:22  Photon Cannon  
  115  12:27  Photon Cannon  
  115  12:41  Probe  
  115  12:42  Probe  
  123  12:52  Carrier (Chrono Boost), Probe  
  123  12:54  Probe  
  123  12:58  Pylon  
  125  12:59  Pylon  
  125  13:14  Probe  
  125  13:16  Probe  
  133  13:25  Probe  
  134  13:28  Carrier (Chrono Boost), Probe  
  135  13:35  Probe  
  135  13:37  Void Ray (Chrono Boost)  
  135  13:40  Probe  
  141  13:44  Pylon  
  141  13:48  Pylon  
  141  14:00  Probe  
  142  14:05  Void Ray (Chrono Boost)  
  142  14:06  Assimilator  
  146  14:11  Probe  
  146  14:14  Void Ray (Chrono Boost)  
  151  14:21  Probe  
  152  14:38  Twilight Council  
  152  14:43  Stargate x2  
  156  14:48  Void Ray (Chrono Boost), Protoss Air Armor Level 1  
  156  15:58  Pylon  
  156  15:59  Pylon  
  154  16:05  Pylon  
  154  16:07  Pylon x2  
  154  16:10  Pylon  
  154  16:16  Void Ray (Chrono Boost)  
Show
View Real Time Build Order
Export as new Build Order

SurvivorDude Terran - Winner!

Build Orders:  

Get SALT Encoding   

  12  0:04  SCV  
  13  0:16  SCV  
  14  0:25  Supply Depot  
  14  0:28  Refinery  
  14  0:35  SCV  
  15  0:50  Barracks  
  15  1:03  Barracks  
  15  1:09  SCV  
  16  1:17  Supply Depot  
  16  1:21  SCV  
  17  1:38  Barracks Reactor  
  17  1:51  Supply Depot  
  17  1:56  Barracks Reactor  
  17  2:14  Supply Depot  
  17  2:16  Refinery  
  17  2:20  Factory  
  17  2:23  Orbital Command  
  17  2:29  Marine  
  18  2:32  Marine  
  18  2:36  Marine  
  20  2:41  Marine  
  21  2:51  SCV  
  21  2:57  Marine x2  
  24  2:59  Marine  
  24  3:02  Marine  
  26  3:18  Starport  
  26  3:20  SCV  
  26  3:22  Factory Reactor  
  26  3:26  Marine  
  28  3:27  Marine  
  28  3:29  Marine  
  30  3:34  Marine  
  31  3:41  Supply Depot  
  31  3:47  SCV  
  32  3:52  Reaper  
  33  3:55  Reaper  
  33  3:57  Marine x2  
  36  4:04  Starport Reactor  
  36  4:21  Marine  
  36  4:22  Marine  
  38  4:24  Marine  
  38  4:27  Marine, SCV  
  41  4:32  Widow Mine x2  
  45  4:40  Medivac  
  45  4:44  Medivac  
  49  4:53  Supply Depot  
  49  5:14  Medivac  
  49  5:15  Medivac  
  49  5:17  Supply Depot  
  49  5:18  Marine x4  
  57  5:36  Marine  
  57  5:39  Barracks  
  57  5:41  Marine x3  
  61  5:48  Widow Mine  
  63  5:53  Marine  
  63  5:56  Supply Depot  
  64  5:58  Marine  
  64  5:59  Widow Mine  
  67  6:09  Marine x2  
  69  6:11  Marine  
  70  6:26  Marine x4  
  74  7:00  Barracks Tech Lab  
  74  7:04  Supply Depot  
  50  7:51  Medivac x2  
  38  8:04  Stimpack  
  38  8:05  Marine x3  
  39  8:06  Marine x2  
  43  8:21  Medivac x2  
  43  8:23  Marine x5  
  52  8:41  Marine x3, Supply Depot  
  53  8:43  Marine x2  
  57  8:58  Marine  
  57  8:59  Marine x2  
  57  9:00  Marine  
  57  9:01  Marine  
  62  9:07  Widow Mine  
  62  9:08  Widow Mine  
  66  9:16  Marine x2  
  66  9:17  Marine  
  66  9:18  Marine x2  
  70  9:34  Marine x3  
  70  9:36  Marine x2, Widow Mine x2  
  79  9:38  Medivac x2  
  79  9:41  Supply Depot  
  83  9:52  Marine x3  
  86  10:03  Refinery  
  86  10:04  Combat Shields  
  86  10:08  Refinery  
  86  10:09  Marine x2  
  86  10:10  Marine x3  
  91  10:26  Marine  
  91  10:27  Marine x2  
  91  10:28  Marine x2  
  96  10:44  Marine x2  
  96  10:45  Marine  
  99  10:51  Marine x2  
  101  11:02  Marine  
  42  11:12  Bunker  
  42  11:20  Medivac x2  
  46  11:35  Marine x3  
  49  11:53  Marine x3  
  50  12:11  Marine  
  48  12:46  Barracks  
  48  12:48  Marine x3  
  51  13:06  Marine x3  
  54  13:55  Orbital Command  
  54  14:00  Marine x5  
  59  14:37  Refinery  
  59  14:41  Refinery  
  59  14:48  SCV  
  60  15:00  SCV  
  60  15:06  Marine x2  
  60  15:07  Marine x3  
  63  15:12  SCV  
  49  15:24  Marine x4  
  49  15:25  Marine, Medivac x2  
  58  15:42  Marine  
  59  15:50  Command Center  
  59  15:54  Refinery  
  59  16:01  Marine x2  
  59  16:02  Marine x3  
  59  16:03  Refinery  
  64  16:04  Medivac x2  
  64  16:10  Engineering Bay  
  68  16:19  Marine x3  
  68  16:20  Marine x2  
  73  16:37  Marine x3  
Show
View Real Time Build Order
Export as new Build Order

ELCEGADOR Terran - Winner!

Build Orders:  

Get SALT Encoding   

  12  0:03  SCV  
  13  0:15  SCV  
  13  0:20  Supply Depot  
  14  0:27  SCV  
  15  0:39  Supply Depot  
  15  0:45  Supply Depot  
  15  0:54  SCV  
  16  1:06  SCV  
  17  1:17  Refinery  
  17  1:18  SCV, Refinery  
  18  1:30  SCV  
  19  1:42  SCV  
  20  1:52  Command Center  
  20  1:55  SCV  
  20  2:01  Refinery  
  21  2:07  SCV  
  22  2:19  SCV  
  23  2:27  Refinery  
  23  2:31  SCV  
  24  2:54  SCV  
  25  3:05  Barracks  
  25  3:06  SCV  
  25  3:11  Command Center  
  25  3:12  SCV  
  27  3:18  SCV  
  28  3:24  SCV  
  29  3:30  SCV  
  30  3:36  SCV  
  31  3:42  SCV  
  31  3:48  SCV  
  33  3:55  SCV  
  34  3:59  Factory  
  34  4:00  SCV  
  35  4:07  SCV  
  36  4:12  SCV  
  37  4:19  SCV  
  38  4:24  SCV  
  38  4:25  Refinery  
  38  4:30  SCV  
  40  4:34  Orbital Command  
  40  4:40  SCV  
  40  4:43  SCV  
  42  4:52  Refinery  
  42  4:53  SCV  
  42  4:55  SCV  
  42  4:56  Starport  
  44  5:03  SCV  
  44  5:05  SCV  
  47  5:07  SCV  
  47  5:15  Supply Depot  
  47  5:16  SCV  
  47  5:18  Orbital Command  
  47  5:19  SCV  
  49  5:28  SCV  
  51  5:37  Supply Depot  
  45  5:52  Orbital Command  
  44  6:01  Viking  
  44  6:32  Viking  
  46  7:06  SCV  
  47  7:08  SCV  
  47  7:10  Orbital Command  
  47  7:14  Supply Depot  
  48  7:18  SCV  
  48  7:20  SCV  
  50  7:33  SCV  
  50  7:36  Supply Depot  
  51  7:52  Starport  
  51  7:54  Starport  
  51  7:55  Starport  
  51  7:58  Fusion Core, Starport  
  52  7:59  Supply Depot  
  52  8:01  SCV  
  52  8:03  SCV  
  53  8:07  SCV  
  54  8:15  SCV  
  54  8:19  SCV x2  
  57  8:21  Supply Depot  
  57  8:27  SCV  
  57  8:31  SCV  
  57  8:32  SCV  
  57  8:33  Starport Tech Lab x4  
  60  8:34  Starport Tech Lab  
  60  8:43  SCV  
  60  8:44  Supply Depot, SCV  
  62  8:49  Weapon Refit  
  62  8:55  SCV  
  63  8:56  SCV  
  64  9:03  Battlecruiser  
  64  9:04  Battlecruiser x4  
  64  9:07  SCV  
  64  9:08  Supply Depot  
  93  9:30  Supply Depot  
  94  9:38  SCV x3  
  96  9:50  SCV x3  
  96  9:52  Supply Depot  
  99  10:14  Supply Depot  
  99  10:20  Battlecruiser x3  
  99  10:21  Battlecruiser x2  
  129  10:30  Armory  
  129  10:32  Armory  
  129  10:37  Supply Depot  
  127  11:05  Supply Depot  
  127  11:24  Terran Ship Weapons Level 1  
  127  11:27  Supply Depot  
  127  11:50  Supply Depot  
  127  11:52  Armory  
  127  12:13  Supply Depot  
  127  12:26  Battlecruiser x5  
  157  12:37  Supply Depot  
  157  12:42  Terran Vehicle And Ship Armor Level 1  
  157  13:00  Supply Depot  
  157  13:23  Supply Depot  
  157  13:42  Battlecruiser x5  
  157  13:46  Supply Depot  
  187  14:09  Supply Depot  
  187  14:45  Supply Depot  
  187  15:09  Supply Depot  
  187  15:28  Battlecruiser x2  
  199  15:31  Supply Depot  
  199  15:55  Supply Depot  
  199  16:17  Supply Depot  
Show
View Real Time Build Order
Export as new Build Order

JEMHINY Terran 

Build Orders: MMM Bio 

Get SALT Encoding   

  12  0:03  SCV  
  13  0:15  SCV  
  13  0:18  Supply Depot  
  14  0:45  Barracks  
  14  0:46  SCV  
  15  0:59  SCV  
  16  1:07  Barracks  
  16  1:12  SCV  
  17  1:31  SCV  
  18  1:34  Command Center  
  18  1:35  Marine  
  19  1:46  Orbital Command  
  19  1:59  Marine  
  20  2:06  Bunker  
  20  2:07  Marine  
  21  2:14  SCV  
  22  2:17  Marine  
  23  2:36  Refinery  
  23  2:37  Supply Depot  
  23  2:45  Marine x2, SCV  
  23  2:50  Orbital Command, Refinery  
  26  3:10  SCV  
  27  3:17  SCV  
  28  3:23  SCV  
  29  3:28  Refinery  
  29  3:30  Barracks Reactor  
  29  3:31  Barracks Tech Lab  
  29  3:34  SCV  
  29  3:37  SCV  
  31  3:47  Factory  
  31  3:48  SCV  
  32  3:50  SCV  
  33  4:02  Stimpack  
  33  4:04  Marine  
  33  4:05  SCV  
  33  4:06  SCV  
  36  4:15  Marine x2  
  38  4:28  SCV x2  
  38  4:29  Refinery  
  40  4:35  Marine x2, Starport  
  40  4:36  Marine  
  43  4:41  Supply Depot  
  43  4:51  Starport  
  43  4:53  SCV  
  43  4:54  SCV  
  45  5:14  Engineering Bay  
  45  5:15  Marine  
  45  5:16  Marine x2, Supply Depot  
  45  5:20  Starport Reactor  
  48  5:28  Starport  
  48  5:36  Starport Tech Lab  
  48  5:37  Marine x3  
  51  5:54  Marine  
  52  6:01  Terran Infantry Weapons Level 1  
  52  6:03  Command Center  
  52  6:05  Missile Turret  
  52  6:11  Missile Turret, SCV x2  
  52  6:15  Starport Tech Lab  
  52  6:16  Medivac x2  
  52  6:18  Marine x2, Combat Shields  
  58  6:19  Marine  
  58  6:25  Fusion Core  
  61  6:28  SCV  
  61  6:31  Missile Turret  
  62  6:34  SCV  
  62  6:37  Supply Depot  
  63  6:52  Viking x2  
  67  6:57  Marine  
  67  6:58  Marine x2  
  67  7:00  Supply Depot  
  70  7:01  SCV  
  70  7:02  SCV  
  72  7:23  Supply Depot  
  72  7:25  Marine x3  
  72  7:28  Battlecruiser  
  81  7:58  Marine x3  
  81  8:02  Battlecruiser  
  81  8:03  Medivac  
  81  8:04  Viking  
  94  8:09  Terran Infantry Armor Level 1  
  94  8:13  Armory  
  94  8:25  Orbital Command  
  94  8:34  Refinery  
  94  8:36  Battlecruiser  
  100  8:49  Marine  
  100  8:50  Marine x2  
  100  8:55  Viking, Medivac  
  107  9:00  Weapon Refit, Supply Depot  
  107  9:04  Terran Ship Weapons Level 1  
  107  9:07  Marine x2, Armory  
  109  9:21  Marine  
  110  10:06  Marine x3  
  113  10:13  Supply Depot  
  113  10:14  Battlecruiser x2  
  113  10:15  Terran Vehicle And Ship Armor Level 1  
  113  10:19  Supply Depot  
  125  10:29  Refinery  
  125  10:35  Marine x3  
  128  10:36  Terran Infantry Weapons Level 2  
  128  10:40  Engineering Bay  
  128  10:52  Marine x2  
  56  12:06  Medivac x2  
  56  12:07  Battlecruiser x2  
  69  12:24  Marine x3  
  69  12:29  Barracks  
  70  12:42  Marine x3  
  73  12:46  Medivac x2  
  77  12:52  Terran Infantry Armor Level 2  
  77  12:53  Terran Infantry Weapons Level 3  
  77  12:55  Terran Vehicle And Ship Armor Level 2  
  77  12:56  Terran Ship Weapons Level 2  
  77  13:00  Marine x3  
  80  13:11  Battlecruiser  
  86  13:16  Battlecruiser  
  86  13:17  Marine  
  86  13:18  Marine x2  
  86  13:19  Barracks Reactor  
  95  13:26  Supply Depot  
  95  13:35  Marine  
  95  13:36  Marine  
  56  14:28  Battlecruiser  
  56  14:29  Battlecruiser  
  61  14:32  Marine x3, Medivac x2  
  61  14:35  Marine x2  
  68  14:50  Marine x3  
  71  14:53  Marine x2  
  43  15:33  Medivac x2  
  39  15:50  Marine  
  39  15:51  Marine x2  
Show
View Real Time Build Order
Export as new Build Order

IronsideS Terran 

Build Orders: Banshee Rush 

Get SALT Encoding   

  12  0:04  SCV  
  13  0:16  SCV  
  13  0:19  Supply Depot  
  14  0:29  SCV  
  14  0:33  Refinery  
  15  0:39  Refinery  
  15  0:54  Barracks  
  15  1:05  SCV  
  16  1:17  SCV  
  17  1:29  SCV  
  18  1:35  Engineering Bay  
  18  1:41  Barracks Tech Lab  
  18  1:45  Factory  
  18  2:09  Missile Turret  
  18  2:13  Barracks Tech Lab  
  18  2:31  Starport  
  18  2:39  Starport  
  18  2:52  Supply Depot  
  18  3:10  Cloaking Field  
  18  3:12  Banshee  
  21  3:23  Supply Depot  
  21  3:39  Banshee  
  24  4:03  Banshee  
  27  4:26  Missile Turret  
  27  4:47  Command Center  
  27  5:05  Starport  
  27  5:35  Fusion Core  
  27  6:20  SCV  
  27  6:21  SCV  
  29  6:32  SCV  
  30  6:33  SCV  
  28  6:44  SCV  
  28  6:45  SCV  
  24  6:56  SCV  
  24  6:57  SCV  
  24  7:00  Starport Tech Lab  
  26  7:04  Armory  
  26  7:07  Battlecruiser  
  32  7:09  SCV x2  
  34  7:23  Refinery  
  34  7:25  Planetary Fortress, Refinery  
  34  7:49  Battlecruiser  
  40  8:02  Armory  
  40  8:14  Orbital Command  
  40  8:31  Battlecruiser  
  46  8:40  Terran Vehicle And Ship Armor Level 1  
  46  8:56  Battlecruiser  
  52  9:25  SCV x2  
  54  10:11  Supply Depot  
  54  10:13  Terran Ship Weapons Level 1  
  54  10:32  Battlecruiser, SCV x2  
  54  10:35  Supply Depot  
  62  10:56  SCV x2  
  64  10:58  Supply Depot  
  64  11:08  SCV x2  
  66  11:19  Battlecruiser x2  
  66  11:21  Supply Depot  
  78  11:40  SCV x2  
  78  11:44  Battlecruiser, Supply Depot  
  80  11:53  SCV x2  
  58  12:23  Viking x2  
  64  12:53  Viking  
  66  13:03  Starport Reactor  
  66  13:14  Starport Reactor  
  64  13:29  Command Center  
  64  13:34  Command Center  
  62  13:59  Starport Reactor  
  62  14:03  Viking x4  
  70  14:33  Viking x2  
  70  14:36  Refinery  
  74  14:39  Refinery  
  74  14:43  Viking x4  
  82  15:01  Refinery  
  82  15:06  Viking  
  128  15:07  Viking  
  84  15:12  Viking  
  84  15:13  Viking  
  90  15:20  SCV  
  90  15:24  SCV  
  90  15:26  Refinery  
  91  15:32  SCV  
  90  15:36  SCV  
  61  15:44  SCV  
  61  15:48  SCV  
  51  15:51  Viking  
  51  15:52  Viking x2  
  51  15:56  SCV  
  58  16:00  SCV  
  59  16:05  Viking x2  
  60  16:19  SCV x2  
  61  16:31  SCV x2  
  47  16:43  SCV x2  
  51  16:47  Viking  
  59  16:55  SCV  
Show
View Real Time Build Order
Export as new Build Order

Winthrowe Zerg 

Build Orders: Hatch First 

Get SALT Encoding   

  12  0:03  Drone  
  13  0:11  Drone  
  14  0:18  Overlord  
  14  0:38  Drone x3  
  17  0:55  Drone  
  18  1:10  Hatchery  
  17  1:14  Spawning Pool  
  17  1:15  Drone  
  17  1:23  Drone x2  
  19  1:39  Extractor  
  18  1:40  Extractor  
  17  1:57  Overlord  
  17  1:58  Drone x2  
  19  2:03  Queen  
  21  2:30  Drone  
  21  2:34  Hatchery, Drone  
  21  2:36  Drone  
  23  2:39  Queen  
  25  2:54  Roach Warren  
  24  3:09  Queen  
  26  3:14  Drone x3  
  26  3:19  Drone  
  30  3:22  Drone  
  31  3:41  Roach x2  
  33  3:43  Overlord  
  33  3:46  Drone x2  
  37  3:55  Overlord x2  
  37  4:32  Roach  
  37  4:33  Roach x8  
  55  4:46  Evolution Chamber  
  55  4:47  Evolution Chamber  
  55  4:48  Drone x3  
  56  4:53  Overlord  
  56  4:57  Drone  
  57  5:09  Lair  
  57  5:14  Zerg Missile Weapons Level 1  
  57  5:18  Zerg Ground Armor Level 1  
  57  5:23  Drone  
  57  5:24  Drone  
  57  5:26  Drone  
  57  5:28  Drone  
  61  5:30  Drone  
  61  5:35  Drone  
  63  5:36  Drone  
  63  5:42  Drone x2  
  66  5:47  Drone x3  
  69  6:15  Roach  
  69  6:16  Roach  
  69  6:17  Overlord x2  
  73  6:18  Spire  
  73  6:20  Drone x2  
  73  6:23  Overlord  
  73  6:24  Overlord  
  63  7:03  Queen x2  
  44  7:36  Hatchery, Corruptor  
  35  7:37  Corruptor  
  35  7:38  Queen x2  
  35  7:41  Overlord  
  35  7:43  Zergling x2  
  42  7:53  Drone  
  42  7:54  Drone  
  44  8:01  Drone  
  45  8:14  Queen x2  
  45  8:16  Drone x3  
  52  8:43  Roach  
  52  8:44  Roach x3  
  60  8:50  Queen  
  60  8:51  Drone  
  60  8:52  Drone x2  
  61  9:36  Drone x5  
  61  9:37  Drone x4  
  61  9:38  Drone x4  
  72  10:16  Mutalisk x5  
  81  11:12  Zergling x2  
  81  11:13  Zergling x16  
  78  11:43  Roach  
  65  12:22  Overlord  
  63  12:23  Overlord x8  
  45  12:40  Extractor  
  45  12:41  Extractor  
  45  12:43  Extractor  
  42  12:44  Extractor  
  42  12:45  Queen x3  
  47  13:20  Queen  
  47  13:21  Queen x2  
  53  13:27  Mutalisk  
  53  13:31  Drone  
  53  13:32  Drone x10  
  66  14:00  Mutalisk  
  66  14:01  Mutalisk x2  
  72  14:04  Roach x4  
  72  14:05  Roach  
  82  14:53  Drone x4  
  82  14:54  Drone x4  
  90  15:13  Corruptor  
  90  15:14  Corruptor x5  
  90  15:15  Corruptor x2  
  106  15:32  Corruptor x4  
  106  15:34  Corruptor  
  102  15:44  Corruptor  
  102  15:46  Corruptor  
  106  15:51  Queen  
  106  15:52  Queen x2  
  112  16:18  Mutalisk x3  
  112  16:19  Mutalisk x2  
Show
View Real Time Build Order
Export as new Build Order

chasmo Protoss 

Build Orders:  

Get SALT Encoding   

  12  0:02  Probe (Chrono Boost)  
  13  0:13  Probe (Chrono Boost)  
  14  0:23  Probe (Chrono Boost)  
  14  0:27  Pylon  
  15  0:45  Probe (Chrono Boost)  
  15  0:49  Forge  
  16  0:55  Gateway  
  16  0:59  Probe (Chrono Boost)  
  17  1:09  Probe (Chrono Boost)  
  18  1:24  Photon Cannon  
  18  1:26  Gateway  
  18  1:33  Photon Cannon  
  18  1:57  Nexus  
  18  2:05  Pylon  
  18  2:14  Assimilator  
  18  2:18  Assimilator  
  18  2:19  Probe (Chrono Boost)  
  19  2:29  Probe (Chrono Boost)  
  20  2:38  Cybernetics Core  
  20  2:40  Probe (Chrono Boost)  
  21  2:52  Pylon  
  21  2:54  Probe (Chrono Boost)  
  22  3:05  Probe (Chrono Boost)  
  23  3:06  Cybernetics Core  
  23  3:13  Photon Cannon  
  23  3:15  Probe (Chrono Boost)  
  23  3:19  Probe (Chrono Boost)  
  25  3:29  Probe (Chrono Boost)  
  26  3:36  Stargate  
  26  3:40  Probe (Chrono Boost)  
  27  3:41  Pylon  
  27  3:47  Protoss Air Weapons Level 1  
  27  3:50  Probe (Chrono Boost)  
  28  4:01  Assimilator, Probe (Chrono Boost)  
  29  4:07  Assimilator  
  29  4:11  Probe (Chrono Boost)  
  30  4:18  Stargate  
  30  4:22  Probe (Chrono Boost)  
  31  4:33  Probe (Chrono Boost)  
  31  4:37  Phoenix  
  34  4:43  Probe (Chrono Boost)  
  35  4:47  Photon Cannon  
  35  4:55  Photon Cannon, Protoss Air Armor Level 1  
  35  5:01  Pylon  
  35  5:02  Phoenix  
  37  5:09  Probe (Chrono Boost)  
  38  5:19  Probe (Chrono Boost)  
  38  5:20  Phoenix  
  41  5:30  Probe (Chrono Boost)  
  42  5:41  Probe (Chrono Boost)  
  43  5:49  Nexus  
  43  5:51  Probe (Chrono Boost)  
  44  6:02  Probe (Chrono Boost)  
  45  6:12  Probe (Chrono Boost)  
  45  6:13  Phoenix x2  
  50  6:23  Probe (Chrono Boost)  
  51  6:33  Probe (Chrono Boost)  
  51  6:38  Phoenix  
  52  6:51  Phoenix  
  52  6:57  Stargate  
  52  6:59  Stargate  
  52  7:03  Assimilator, Probe (Chrono Boost)  
  52  7:07  Assimilator  
  53  7:13  Probe (Chrono Boost)  
  54  7:24  Probe (Chrono Boost)  
  55  7:35  Probe (Chrono Boost)  
  54  7:45  Probe (Chrono Boost)  
  53  7:56  Probe (Chrono Boost)  
  54  8:06  Pylon, Probe (Chrono Boost)  
  54  8:08  Pylon  
  54  8:11  Pylon  
  55  8:13  Pylon  
  55  8:16  Fleet Beacon  
  55  8:17  Probe (Chrono Boost)  
  56  8:26  Photon Cannon x2  
  56  8:27  Probe (Chrono Boost)  
  56  8:28  Photon Cannon  
  56  8:32  Void Ray x4  
  73  8:38  Probe (Chrono Boost)  
  74  8:42  Photon Cannon  
  74  8:44  Photon Cannon  
  74  8:47  Photon Cannon  
  74  8:49  Photon Cannon, Probe (Chrono Boost)  
  75  8:59  Probe (Chrono Boost)  
  75  9:02  Anion Pulse-Crystals  
  76  9:03  Protoss Air Weapons Level 2  
  76  9:04  Protoss Air Armor Level 2  
  76  9:14  Void Ray  
  76  9:15  Stargate  
  80  9:17  Pylon  
  80  9:18  Pylon  
  80  9:20  Void Ray  
  84  9:30  Void Ray  
  88  9:35  Void Ray  
  92  9:45  Protoss Shields Level 1  
  92  10:02  Void Ray  
  92  10:07  Void Ray  
  100  10:17  Nexus  
  100  10:20  Void Ray  
  104  10:21  Void Ray  
  108  10:29  Stargate  
  108  10:37  Assimilator  
  108  10:41  Assimilator  
  108  10:43  Pylon  
  108  10:45  Pylon  
  80  11:26  Graviton Catapult  
  80  11:29  Carrier x2  
  80  11:31  Carrier  
  98  11:41  Probe (Chrono Boost)  
  99  11:51  Probe (Chrono Boost)  
  100  12:02  Probe x2 (Chrono Boost)  
  102  12:12  Probe x2 (Chrono Boost)  
  104  12:17  Carrier x2  
  104  12:22  Carrier  
  122  12:23  Probe x2 (Chrono Boost)  
  124  12:33  Probe (Chrono Boost)  
  124  12:35  Protoss Air Weapons Level 3  
  125  12:45  Probe (Chrono Boost)  
  126  12:52  Probe (Chrono Boost)  
  126  12:55  Probe (Chrono Boost)  
  126  12:58  Carrier  
  134  13:03  Probe (Chrono Boost)  
  135  13:06  Probe (Chrono Boost)  
  136  13:13  Probe (Chrono Boost)  
  136  13:16  Probe (Chrono Boost)  
  136  13:19  Carrier  
  144  13:23  Carrier  
  151  13:27  Probe (Chrono Boost)  
  151  13:33  Stargate  
  151  13:38  Photon Cannon  
  151  13:39  Pylon  
  151  13:43  Probe (Chrono Boost)  
  152  13:52  Carrier x2  
  164  13:57  Probe (Chrono Boost)  
  165  14:04  Void Ray  
  165  14:08  Probe (Chrono Boost)  
  170  14:12  Stargate  
  170  14:18  Probe (Chrono Boost)  
  170  14:19  Pylon  
  170  14:20  Pylon x2  
  170  14:23  Pylon  
  171  14:24  Pylon  
  171  14:38  Void Ray  
  113  15:07  Void Ray x2  
  113  15:08  Void Ray x3  
  129  15:41  Photon Cannon  
  127  15:43  Photon Cannon x2  
  127  15:46  Pylon  
  72  16:11  Void Ray  
Tags
 
Add a new tag
Caveats
  • Supply blocks, unpowered buildings, or Contaminate may cause inaccurate times.
  • Supply counts are checked every 10 seconds.